 Dungeon Crawl Stone Soup version 0.31-a0-859-g9dce7d3444 (webtiles) character file.

Game seed: 14230758590520174335

159 Nedwor the Cutter (level 5, -2/41 HPs)
             Began as a Demonspawn Gladiator on Oct 10, 2023.
             Slain by a killer bee (5 damage)
             ... on level 4 of the Dungeon.
             The game lasted 00:03:22 (1898 turns).

Nedwor the Cutter (Demonspawn Gladiator)            Turns: 1898, Time: 00:03:23

Health: -2/41      AC: 11    Str: 15    XL:     5   Next: 17%
Magic:  0/1        EV: 11    Int:  9    God:
Gold:   144        SH: 12    Dex: 16    Spells: 4/4 levels left

rFire   + . .        k - +2 scimitar (antimagic)
rCold   . . .        w - +0 kite shield
rNeg    . . .        j - +1 leather armour {rF+}
rPois   .            c - +0 helmet
rElec   .            h - +2 cloak
rCorr   .            (no gloves)
SInv    .            v - +2 pair of boots
Will    .....        m - amulet of faith
Stlth   +            (no ring)
HPRegen 0.26/turn    (no ring)
MPRegen 0.14/turn

%: guardian spirit, faith
@: lethally poisoned (-2 -> -18)
A: magic shield, magic regeneration, condensation shield
a: no special abilities


You were on level 4 of the Dungeon.
You visited 1 branch of the dungeon, and saw 4 of its levels.

You collected 144 gold pieces.

Inventory:

Hand Weapons
 a - a +0 rapier
 k - a +2 antimagic scimitar (weapon)
Missiles
 d - 3 throwing nets (quivered)
 e - a javelin
Armour
 c - a +0 helmet (worn)
 h - a +2 cloak (worn)
 j - a +1 leather armour of fire resistance (worn)
 v - a +2 pair of boots (worn)
 w - a +0 kite shield (worn)
Jewellery
 m - an amulet of faith (around neck)
 n - a ring of magical power
 r - a +6 ring of dexterity
Wands
 l - a wand of flame (8)
Scrolls
 b - 2 scrolls of fear {unknown}
 f - a scroll of immolation {unknown}
 i - 2 scrolls of blinking {unknown}
 p - 3 scrolls of identify
 q - a scroll of silence {unknown}
 t - a scroll of fog
 u - a scroll of vulnerability {unknown}
Potions
 g - a potion of heal wounds
 o - a potion of magic
 s - a potion of curing {unknown}


   Skills:
 + Level 3.1 Fighting
 * Level 4.2 Short Blades
 - Level 1.7 Throwing
 + Level 3.4 Dodging
 + Level 0.6 Shields


You had 4 spell levels left.
You didn't know any spells.
Your spell library contained the following spells:

 Spells                   Type           Power      Damage    Failure   Level
 Magic Dart               Conj           0%         1d3       87%         1
 Call Imp                 Summ           0%         N/A       95%         2
 Mephitic Cloud           Conj/Pois/Air  0%         N/A       99%         3
 Conjure Ball Lightning   Conj/Air       0%         3x3d6     100%        6
 Discord                  Hex            0%         N/A       100%        8
 Disjunction              Tloc           0%         N/A       100%        8


Dungeon Overview and Level Annotations

Branches:
Dungeon (4/15)
 Temple: D:4-7

Altars:

Shops:
D:3 :


Innate Abilities, Weirdness & Mutations

When hurt, damage is shared between your health and your magic reserves.
You regenerate magic rapidly.
A meltable shield of frost defends you. (SH +4)


Message History

You block the killer bee's attack.
A killer bee comes into view.
The killer bee barely misses you.
The killer bee stings you but does no damage.
A ball python comes into view.
The killer bee stings you.
You are poisoned.
The killer bee poisons you! You block the killer bee's attack.
The killer bee misses you.
You feel sick.
The killer bee attacks as it pursues you!
The killer bee stings you but does no damage. x2
You block the killer bee's attack. The killer bee misses you.
You feel sick. The killer bee stings you! You block the killer bee's attack.
You feel sick. The killer bee closely misses you.
The killer bee attacks as it pursues you!
The killer bee closely misses you. You block the killer bee's attack.
You feel sick.
The killer bee attacks as it pursues you!
The killer bee stings you.
The killer bee stings you but does no damage. x2
The killer bee barely misses you.
You feel sick.
The killer bee attacks as it pursues you!
The killer bee stings you but does no damage.
The killer bee stings you.
You are more poisoned.
The killer bee poisons you! The killer bee stings you!
* * * LOW HITPOINT WARNING * * *
The killer bee barely misses you.
You hit the killer bee.
The killer bee is lightly wounded.
You feel very sick. The killer bee stings you!
* * * LOW HITPOINT WARNING * * *
You are more poisoned.
The killer bee poisons you! You block the killer bee's attack.
The killer bee barely misses you. The killer bee closely misses you.
The killer bee barely misses you. The killer bee stings you.
You die...

#.......#........
#................
#........#######.
#........###
#.........)#
#.......##)##
#.......##..####.#
#................#
#.......####@######
#......!)..yyy....#
#...........yy....#
#.................#
######.#..........#
#.#..........#
#.#..........#
#.#..........#
#?#####..#####


You could see 5 killer bees.

Vanquished Creatures
  A killer bee (D:4)
  4 adders
  A worm (D:2)
  2 dart slugs
  5 orcs
  5 ball pythons
  9 endoplasms
  3 giant cockroaches
  6 goblins
  2 hobgoblins
  A quokka (D:1)
  9 bats
  7 frilled lizards
  8 kobolds
  9 rats
72 creatures vanquished.

Notes
Turn   | Place    | Note
-------+----------+-------------------------------------------
     0 | D:1      | Nedwor the Demonspawn Gladiator began the quest for the
                  | Orb.
     0 | D:1      | Reached XP level 1. HP: 16/16 MP: 1/1
    87 | D:1      | Reached skill level 3 in Short Blades
    90 | D:1      | Gained mutation: A meltable shield of frost defends you.
                  | (SH +4) [demonic ancestry]
    90 | D:1      | Reached XP level 2. HP: 22/22 MP: 2/2
   386 | D:1      | Gained mutation: You regenerate magic rapidly. [demonic
                  | ancestry]
   386 | D:1      | Reached XP level 3. HP: 28/28 MP: 3/3
   410 | D:1      | Found a faded altar of an unknown god.
  1366 | D:3      | Found Buodwior's Book Emporium.
  1370 | D:3      | Reached XP level 4. HP: 32/34 MP: 1/4
  1844 | D:4      | Reached skill level 4 in Short Blades
  1880 | D:4      | Gained mutation: When hurt, damage is shared between your
                  | health and your magic reserves. [demonic ancestry]
  1880 | D:4      | Reached XP level 5. HP: 33/41 MP: 1/5
  1898 | D:4      | Slain by a killer bee

Illustrated notes

Levels and vault maps discovered:
D:1:      nzn_arrival_settlement, layout_loops_ring,
          hellmonk_ecumenical_altar_lost_god, minmay_surrounded
D:2:      layout_basic
D:3:      layout_rooms, serial_shops, nicolae_shop_just_a_little_nook
D:4:      layout_basic, nicolae_overflow_hidden_temple

Skill      XL: |  1  2  3  4 |
---------------+-------------+-----
Short Blades   | 3 4 |  4.2
Dodging        | 3 |  3.4
Fighting       | 3 |  3.1
Throwing       | |  1.7
Shields        | |  0.6

Action                     |  1- 3 |  4- 6 || total
---------------------------+-------+-------++-------
  Melee: Rapier            |    66 |       ||    66
         Scimitar          |    38 |    77 ||   115
         Punch             |     1 |       ||     1
    Use: Scroll            |     3 |       ||     3
 Armour: Leather armour    |    55 |    64 ||   119
  Dodge: Dodged            |    53 |    47 ||   100
  Block: Other             |    12 |    10 ||    22
         Kite shield       |       |    25 ||    25

Table legend: (Time is in decaauts)
 A = Elapsed time spent in this place.
 B = Non-inter-level travel time spent in this place.
 C = Inter-level travel time spent in this place.
 D = Time resting spent in this place.
 E = Time spent auto-exploring this place.
 F = Levels seen in this place.
 G = Mean time per level.
                   A        B        C        D        E       F      G
               +--------+--------+--------+--------+--------+-----+--------+
         Total |   1937 |   1811 |    126 |      0 |   1306 |   4 |  484.2 |
       Dungeon |   1937 |   1811 |    126 |      0 |   1306 |   4 |  484.2 |
               +--------+--------+--------+--------+--------+-----+--------+

Top non-repeatable levels by time:
     D:1: 915 daAuts
     D:3: 430 daAuts
     D:2: 426 daAuts
     D:4: 165 daAuts
